[Event "56th Biel Festival MTO 2023"]
[White "Bu,Xiangzhi"]
[Black "Karthik Rajaa"]
[Site "Biel"]
[Round "1.1"]
[Annotator "ChessBase"]
[Result "1-0"]
[Date "2023.07.18"]
[WhiteElo "2676"]
[BlackElo "2276"]
[PlyCount "103"]
[TimeControl "60"]

1. Nf3 Nf6 2. c4 c5 3. Nc3 Nc6 4. d4 cxd4 5. Nxd4 e6 6. a3 d5 7. cxd5 Nxd5 8. Nxc6 bxc6 9. Qc2 Be7 10. Bd2 O-O 11. e3 a5 12. Na4 Ba6 13. Bxa6 Rxa6 14. O-O Qb8 15. Rfd1 Qb5 16. Rac1 Rc8 17. e4 Nb6 18. Nc5 Bxc5 19. Qxc5 Qxc5 20. Rxc5 Na4 21. Rc2 Kf8 22. b3 Nb6 23. a4 Nd7 24. Bxa5 Ke8 25. Be1 c5 26. a5 Rb8 27. Rd3 c4 28. Rg3 cxb3 29. Rb2 Nc5 30. Rxg7 Rb7 31. Rg3 Rd6 32. Rb1 b2 33. Ra3 Nd3 34. Bc3 Nf4 35. Kf1 Nd3 36. g3 h5 37. h4 Kf8 38. Ke2 Nc1+ 39. Kf3 Nd3 40. Ke3 Kg8 41. a6 Ra7 42. Ra5 Nc1 43. Rg5+ Kh7 44. Rxh5+ Kg6 45. Rg5+ Kh6 46. Bxb2 Rd3+ 47. Kf4 Ne2+ 48. Kg4 Rxa6 49. Bg7+ Kh7 50. Rb8 f5+ 51. Kh5 fxe4 52. Rh8# 1-0

[Event "56th Biel Festival MTO 2023"]
[White "Asllani,Dorian"]
[Black "Nguyen,Ngoc Truong Son"]
[Site "Biel"]
[Round "1.2"]
[Annotator "ChessBase"]
[Result "0-1"]
[Date "2023.07.18"]
[WhiteElo "2272"]
[BlackElo "2645"]
[PlyCount "88"]
[TimeControl "60"]

1. d4 Nf6 2. c4 e6 3. Nc3 Bb4 4. Qc2 c5 5. e3 b6 6. Be2 Bb7 7. Bf3 Qc8 8. a3 Bxc3+ 9. Qxc3 O-O 10. b3 d5 11. dxc5 Qxc5 12. Bb2 Nbd7 13. b4 Qe7 14. cxd5 Rac8 15. Qd3 Nxd5 16. Ne2 a5 17. e4 N5f6 18. O-O Rfd8 19. Qe3 axb4 20. axb4 Qxb4 21. Ba3 Qb5 22. Rfb1 Qe5 23. Bb2 Qc7 24. Bd4 Ra8 25. Rxa8 Rxa8 26. Nc3 e5 27. Bxb6 Nxb6 28. Qxb6 Qxb6 29. Rxb6 Bxe4 30. Bd1 Rc8 31. f4 Bf5 32. fxe5 Nd7 33. Rb3 Be6 34. Ra3 Nxe5 35. Be2 h6 36. Kf2 g5 37. Ne4 Rc2 38. h3 Kg7 39. Rc3 Rb2 40. g4 Ng6 41. Ke3 Nf4 42. Bc4 Bxc4 43. Rxc4 Rb3+ 44. Kd4 Rxh3 0-1

[Event "56th Biel Festival MTO 2023"]
[White "Aryan Chopra"]
[Black "Abdulrahman Mohammad,Al Taher"]
[Site "Biel"]
[Round "1.3"]
[Annotator "ChessBase"]
[Result "1-0"]
[Date "2023.07.18"]
[WhiteElo "2626"]
[BlackElo "2258"]
[PlyCount "63"]
[TimeControl "60"]

1. e4 c5 2. Nf3 Nc6 3. d4 cxd4 4. Nxd4 g6 5. c4 Nf6 6. Nc3 Nxd4 7. Qxd4 d6 8. Be2 Bg7 9. Be3 O-O 10. Qd3 a5 11. O-O a4 12. f4 Qa5 13. Bd4 Bd7 14. e5 Bf5 15. Qe3 Nd7 16. Nd5 Qd8 17. Rad1 Be6 18. exd6 exd6 19. Bxg7 Kxg7 20. Qd4+ Kg8 21. Nc3 Qa5 22. Ne4 Rfd8 23. Nxd6 Nb6 24. f5 gxf5 25. Rf3 Rd7 26. c5 Rad8 27. Rg3+ Kf8 28. Qg7+ Ke7 29. Qg5+ Kf8 30. Qh6+ Ke7 31. Nxf5+ Bxf5 32. Re3+ 1-0

[Event "56th Biel Festival MTO 2023"]
[White "Gomez Barrera,Javiera Belen"]
[Black "Yuffa,Daniil"]
[Site "Biel"]
[Round "1.4"]
[Annotator "ChessBase"]
[Result "0-1"]
[Date "2023.07.18"]
[WhiteElo "2256"]
[BlackElo "2603"]
[PlyCount "58"]
[TimeControl "60"]

1. e4 c6 2. d4 d5 3. e5 Bf5 4. Nc3 e6 5. g4 Bg6 6. Nge2 Ne7 7. Nf4 c5 8. h4 cxd4 9. Nb5 Nec6 10. h5 Be4 11. f3 a6 12. fxe4 axb5 13. exd5 exd5 14. Bg2 Bb4+ 15. Bd2 Bxd2+ 16. Qxd2 O-O 17. h6 Nxe5 18. hxg7 Re8 19. O-O Qg5 20. Rad1 Nbd7 21. Qxd4 Nxg4 22. Qxd5 Nde5 23. Rde1 Qh6 24. Nh3 Ne3 25. Qd2 N5c4 26. Qd7 Qxg7 27. Rf2 Ne5 28. Qxb7 Rab8 29. Qe4 N5g4 0-1

[Event "56th Biel Festival MTO 2023"]
[White "Albornoz Cabrera,Carlos Daniel"]
[Black "Joly,Julien"]
[Site "Biel"]
[Round "1.5"]
[Annotator "ChessBase"]
[Result "1-0"]
[Date "2023.07.18"]
[WhiteElo "2591"]
[BlackElo "2249"]
[PlyCount "151"]
[TimeControl "60"]

1. e4 c5 2. Nf3 a6 3. c3 e6 4. d4 d5 5. e5 Bd7 6. Bd3 cxd4 7. cxd4 Bb5 8. Bc2 a5 9. a3 Be7 10. Nc3 Ba6 11. Ne2 Nc6 12. O-O Nh6 13. Re1 Nf5 14. Bxf5 exf5 15. Nf4 O-O 16. e6 Bd6 17. h4 Bxf4 18. exf7+ Rxf7 19. Bxf4 Qb6 20. Qd2 Re7 21. Rxe7 Nxe7 22. Re1 Ng6 23. Bg3 h6 24. h5 Nf8 25. Re7 Qf6 26. Bh4 Qd6 27. Qc2 g5 28. hxg6 Nxg6 29. Re1 Rf8 30. g3 Bb5 31. Ne5 Nxh4 32. gxh4 Qf6 33. Qb3 Bc6 34. Qg3+ Kh7 35. Qf4 Rg8+ 36. Kh2 Rg7 37. Re3 Be8 38. Rf3 Bg6 39. Rg3 Bh5 40. Rxg7+ Kxg7 41. Nd7 Qe7 42. Nc5 b6 43. Nd3 Qe4 44. Qc7+ Kg8 45. Qg3+ Kh7 46. Qc7+ Kg8 47. Qb8+ Kh7 48. Nf4 Bf7 49. Qe5 Kg8 50. Qxe4 fxe4 51. Kg3 Kg7 52. Ne2 Be8 53. Nc3 Bc6 54. Kg4 Kg6 55. b4 axb4 56. axb4 b5 57. Kf4 Kf6 58. Nd1 Bd7 59. Kg3 Kg6 60. Nc3 Bc6 61. Kg4 h5+ 62. Kf4 Kf6 63. Nd1 Bd7 64. Kg3 Kg6 65. Nc3 Bc6 66. Ne2 Kg7 67. Kf4 Kf6 68. Nc3 Ke6 69. Kg5 Be8 70. Ne2 Bf7 71. Nf4+ Ke7 72. Nxh5 Bxh5 73. Kxh5 Kf6 74. Kg4 Kg6 75. h5+ Kh6 76. Kh4 1-0

[Event "56th Biel Festival MTO 2023"]
[White "Lohia,Sohum"]
[Black "Erdos,Viktor"]
[Site "Biel"]
[Round "1.6"]
[Annotator "ChessBase"]
[Result "1/2-1/2"]
[Date "2023.07.18"]
[WhiteElo "2247"]
[BlackElo "2571"]
[PlyCount "52"]
[TimeControl "60"]

1. e4 e5 2. Nf3 Nc6 3. Bb5 a6 4. Ba4 Nf6 5. O-O Be7 6. d3 d6 7. c3 O-O 8. Re1 Re8 9. Nbd2 Bf8 10. Nf1 h6 11. Ng3 b5 12. Bc2 d5 13. h3 dxe4 14. dxe4 Be6 15. Be3 Qxd1 16. Rexd1 Red8 17. Rxd8 Rxd8 18. Bb3 Bxb3 19. axb3 a5 20. Kf1 g6 21. Ke2 Kg7 22. Ne1 h5 23. Bg5 Rb8 24. Bxf6+ Kxf6 25. Kd2 Rd8+ 26. Kc2 Bh6 1/2-1/2

[Event "56th Biel Festival MTO 2023"]
[White "Meshkovs,Nikita"]
[Black "Vasquez Toledo,Cristian"]
[Site "Biel"]
[Round "1.7"]
[Annotator "ChessBase"]
[Result "1-0"]
[Date "2023.07.18"]
[WhiteElo "2565"]
[BlackElo "2233"]
[PlyCount "57"]
[TimeControl "60"]

1. d4 Nf6 2. c4 e6 3. Nc3 d5 4. Nf3 c6 5. g3 Be7 6. Bg2 O-O 7. O-O b6 8. Bf4 Ba6 9. cxd5 cxd5 10. Rc1 Bd6 11. Ne5 Bb7 12. Nb5 Bxe5 13. dxe5 Ne8 14. e4 a6 15. Nd6 Nxd6 16. exd6 dxe4 17. Rc7 Bd5 18. Qe2 Nd7 19. Bxe4 Nf6 20. f3 Re8 21. Rd1 h6 22. Qc2 Rc8 23. Be5 Bxe4 24. fxe4 Nd7 25. Bf4 e5 26. Be3 Rb8 27. Qc6 Nf8 28. d7 Re6 29. Qc2 1-0

[Event "56th Biel Festival MTO 2023"]
[White "Ermitsch,Magnus"]
[Black "Quesada Perez,Luis Ernesto"]
[Site "Biel"]
[Round "1.8"]
[Annotator "ChessBase"]
[Result "0-1"]
[Date "2023.07.18"]
[WhiteElo "2232"]
[BlackElo "2553"]
[PlyCount "52"]
[TimeControl "60"]

1. e4 e6 2. d4 d5 3. Nc3 Nf6 4. e5 Nfd7 5. Nce2 c5 6. c3 cxd4 7. cxd4 f6 8. f4 fxe5 9. fxe5 Qh4+ 10. g3 Qe4 11. Kf2 Nxe5 12. Nf4 Nbc6 13. Be3 Nc4 14. Bxc4 dxc4 15. Nf3 Be7 16. Re1 O-O 17. h4 Nb4 18. Bd2 Nd3+ 19. Nxd3 Qxd4+ 20. Re3 cxd3 21. Bc3 Qb6 22. b4 Bd7 23. Qxd3 Bc6 24. Kg2 Bxb4 25. Rb1 Rxf3 26. Rxf3 Rf8 0-1

[Event "56th Biel Festival MTO 2023"]
[White "Liu,Yan"]
[Black "Urh,Zala"]
[Site "Biel"]
[Round "1.9"]
[Annotator "ChessBase"]
[Result "1-0"]
[Date "2023.07.18"]
[WhiteElo "2542"]
[BlackElo "2231"]
[PlyCount "101"]
[TimeControl "60"]

1. c4 Nf6 2. g3 e6 3. Bg2 d5 4. Nf3 d4 5. d3 Bb4+ 6. Nbd2 a5 7. Ne5 O-O 8. O-O Nfd7 9. f4 f6 10. Nxd7 Qxd7 11. Nf3 Bc5 12. e4 dxe3 13. d4 e2 14. Qxe2 Bxd4+ 15. Nxd4 Qxd4+ 16. Be3 Qd7 17. Rad1 Qe7 18. Qh5 Nd7 19. Rd2 Qf7 20. Qd1 c6 21. b3 Re8 22. g4 a4 23. b4 e5 24. b5 e4 25. bxc6 bxc6 26. Rd6 Qxc4 27. Qd2 Nf8 28. f5 Rb8 29. g5 fxg5 30. f6 gxf6 31. Rdxf6 Qd5 32. Qc2 Ba6 33. Rc1 Qd3 34. Qf2 Rb1 35. Qe1 Rxc1 36. Qxc1 Rb8 37. Bf1 Qd8 38. Rxf8+ Qxf8 39. Bxa6 Qb4 40. Bf1 a3 41. Qxc6 Qb1 42. Qd5+ Kf8 43. Bc5+ Kg7 44. Qxg5+ Kf7 45. Qe7+ Kg6 46. Bd4 Qd1 47. Qg7+ Kf5 48. Qf7+ Kg4 49. h3+ Kh4 50. Bf2+ Kg5 51. Be3+ 1-0

[Event "56th Biel Festival MTO 2023"]
[White "Frey,Fabian"]
[Black "Pranav Anand"]
[Site "Biel"]
[Round "1.10"]
[Annotator "ChessBase"]
[Result "0-1"]
[Date "2023.07.18"]
[WhiteElo "2230"]
[BlackElo "2510"]
[PlyCount "64"]
[TimeControl "60"]

1. e4 c5 2. Nf3 Nc6 3. Bb5 e6 4. Bxc6 bxc6 5. d3 Qc7 6. O-O Ne7 7. Re1 e5 8. c3 Ng6 9. d4 d6 10. Be3 Be7 11. Nbd2 O-O 12. dxc5 d5 13. b4 h6 14. a4 Be6 15. Qe2 f5 16. exf5 Bxf5 17. h3 Rae8 18. Nf1 Qc8 19. N1h2 Bf6 20. Qd1 Bd7 21. Qb1 e4 22. Nd4 Bxh3 23. Qd1 Nh4 24. g3 Ng2 25. Re2 Qc7 26. Qd2 Nxe3 27. Rxe3 Bg5 28. Rae1 h5 29. Qe2 g6 30. a5 Re7 31. Qa6 Ref7 32. R3e2 Rxf2 0-1

[Event "56th Biel Festival MTO 2023"]
[White "Samant Aditya S"]
[Black "Kocharin,Timur"]
[Site "Biel"]
[Round "1.11"]
[Annotator "ChessBase"]
[Result "1-0"]
[Date "2023.07.18"]
[WhiteElo "2510"]
[BlackElo "2225"]
[PlyCount "99"]
[TimeControl "60"]

1. e4 c5 2. Nf3 d6 3. d4 cxd4 4. Nxd4 Nf6 5. Nc3 a6 6. Be3 e5 7. Nf3 Be7 8. Bc4 O-O 9. Bb3 Nc6 10. Qe2 Na5 11. Rd1 Nxb3 12. axb3 Qe8 13. Bg5 Qc6 14. O-O Be6 15. Nd5 Bxd5 16. Bxf6 Bxf6 17. Rxd5 Be7 18. Rfd1 Rfc8 19. c3 b5 20. Ne1 Rcb8 21. Nc2 Rb7 22. Nb4 Qc8 23. R5d3 a5 24. Nd5 Bf8 25. b4 a4 26. Ra1 Ra6 27. b3 Rba7 28. bxa4 Rxa4 29. Rxa4 Rxa4 30. Rd1 Qc6 31. g3 Ra8 32. h4 Ra7 33. c4 bxc4 34. Rc1 f5 35. Qxc4 Qxc4 36. Rxc4 fxe4 37. b5 Ra1+ 38. Kg2 Rb1 39. b6 Kf7 40. Rb4 Rxb4 41. Nxb4 d5 42. Nxd5 Ke6 43. b7 Bd6 44. Nb4 g5 45. hxg5 Kf5 46. Na6 Kxg5 47. b8=Q Bxb8 48. Nxb8 h5 49. Nd7 h4 50. gxh4+ 1-0

[Event "56th Biel Festival MTO 2023"]
[White "Costello,Alexander"]
[Black "Rodrigue-Lemieux,Shawn"]
[Site "Biel"]
[Round "1.12"]
[Annotator "ChessBase"]
[Result "0-1"]
[Date "2023.07.18"]
[WhiteElo "2224"]
[BlackElo "2495"]
[PlyCount "80"]
[TimeControl "60"]

1. Nf3 d5 2. d4 Nf6 3. c4 e6 4. Nc3 Bb4 5. Qa4+ Nc6 6. Bg5 h6 7. Bxf6 Qxf6 8. e3 O-O 9. Qc2 Rd8 10. a3 Bf8 11. Rd1 Ne7 12. c5 b6 13. b4 Bd7 14. Ba6 Rab8 15. O-O bxc5 16. bxc5 e5 17. Be2 exd4 18. Nxd4 Be8 19. Ncb5 Rb7 20. Rc1 a6 21. Nc3 Nc6 22. Rfd1 Ne5 23. e4 dxe4 24. Qxe4 c6 25. Na4 Rbd7 26. Nf5 g6 27. Rxd7 gxf5 28. Rxd8 fxe4 29. Rxe8 Nd3 30. Bxd3 exd3 31. Nb6 Kg7 32. Nd7 d2 33. Rd1 Qf5 34. Re2 Qxd7 35. Rdxd2 Qf5 36. Rc2 Bxc5 37. g3 Bxa3 38. Rxc6 Bc5 39. Rc7 Qb1+ 40. Kg2 Qb6 0-1

[Event "56th Biel Festival MTO 2023"]
[White "Peng,Xiongjian"]
[Black "Kamber,Bruno"]
[Site "Biel"]
[Round "1.13"]
[Annotator "ChessBase"]
[Result "1-0"]
[Date "2023.07.18"]
[WhiteElo "2489"]
[BlackElo "2214"]
[PlyCount "66"]
[TimeControl "60"]

1. e4 c5 2. Nf3 a6 3. c3 d5 4. exd5 Qxd5 5. Na3 Nf6 6. Nc4 Nbd7 7. Be2 e6 8. O-O Be7 9. a4 b6 10. d4 Bb7 11. Bf4 cxd4 12. cxd4 b5 13. Ne3 Qe4 14. Bg3 bxa4 15. Rxa4 Qc6 16. Qa1 O-O 17. Rc1 Qb6 18. Nc4 Qa7 19. Na5 Nd5 20. Nxb7 Qxb7 21. Bxa6 Qb6 22. Bb5 Rad8 23. Bf1 Rc8 24. h3 Nb4 25. Rxc8 Rxc8 26. Ra7 Qc6 27. Qa5 Bf8 28. Ng5 f6 29. Bb5 Qc1+ 30. Kh2 Nc6 31. Qa6 Nb6 32. Qxb6 fxg5 33. Rc7 Rb8 1-0

[Event "56th Biel Festival MTO 2023"]
[White "Ribiere,Damien"]
[Black "Bharath Subramaniyam H"]
[Site "Biel"]
[Round "1.14"]
[Annotator "ChessBase"]
[Result "0-1"]
[Date "2023.07.18"]
[WhiteElo "2213"]
[BlackElo "2488"]
[PlyCount "60"]
[TimeControl "60"]

1. e4 c5 2. a3 Nc6 3. b4 cxb4 4. axb4 Nxb4 5. c3 Nc6 6. d4 d6 7. Bd3 Nf6 8. Ne2 g6 9. O-O Bg7 10. f4 O-O 11. Nd2 Bg4 12. Nf3 a6 13. Qe1 e5 14. d5 Nb8 15. fxe5 dxe5 16. Qh4 Nbd7 17. Ng3 Rc8 18. h3 Bxf3 19. Rxf3 Rxc3 20. Bd2 Rb3 21. Raf1 Nc5 22. Bg5 Rxd3 23. Rxd3 Nxd3 24. Rxf6 Qc8 25. Kh2 Nf4 26. Bh6 Qc2 27. Rxf4 exf4 28. Nf5 gxf5 29. Bxg7 f3 30. Qg3 Qxg2+ 0-1

[Event "56th Biel Festival MTO 2023"]
[White "Eidelman,Gabriel"]
[Black "Samadov,Read"]
[Site "Biel"]
[Round "1.16"]
[Annotator "ChessBase"]
[Result "1/2-1/2"]
[Date "2023.07.18"]
[WhiteElo "2204"]
[BlackElo "2482"]
[PlyCount "107"]
[TimeControl "60"]

1. d4 Nf6 2. c4 g6 3. f3 Bg7 4. e4 d6 5. Nc3 a6 6. Be3 O-O 7. Nge2 Nbd7 8. Qd2 b5 9. h4 Nb6 10. Ng3 c6 11. h5 Re8 12. hxg6 hxg6 13. O-O-O b4 14. Nb1 a5 15. Be2 Qc7 16. Bh6 Bh8 17. Nf5 Bxf5 18. exf5 e5 19. Bd3 e4 20. fxe4 Nxe4 21. Qf4 Qe7 22. Rhe1 d5 23. fxg6 fxg6 24. Nd2 g5 25. Bxg5 Qxg5 26. Rxe4 Qxf4 27. Rxf4 Re3 28. Rg4+ Bg7 29. Kc2 a4 30. c5 Nd7 31. Nf3 Nf6 32. Rh4 Ne4 33. Bxe4 dxe4 34. Ne5 Bxe5 35. dxe5 Re8 36. Rh6 Rg3 37. Rd2 Rxe5 38. Rxc6 Reg5 39. Rc8+ Kf7 40. Rc7+ Ke6 41. Rc6+ Ke5 42. Rb6 e3 43. Re2 Rxg2 44. Kd3 Rxe2 45. Kxe2 Rg2+ 46. Kxe3 Rxb2 47. Kd3 Rxa2 48. Rxb4 Kd5 49. Kc3 Kxc5 50. Rh4 a3 51. Kb3 Ra1 52. Ra4 Kb5 53. Rxa3 Rxa3+ 54. Kxa3 1/2-1/2

[Event "56th Biel Festival MTO 2023"]
[White "Wang,Chen"]
[Black "Ouellet,Maili-Jade"]
[Site "Biel"]
[Round "1.17"]
[Annotator "ChessBase"]
[Result "1-0"]
[Date "2023.07.18"]
[WhiteElo "2477"]
[BlackElo "2201"]
[PlyCount "126"]
[TimeControl "60"]

1. e4 c5 2. Nf3 d6 3. Bb5+ Nd7 4. d4 cxd4 5. Qxd4 a6 6. Be2 Ngf6 7. O-O g6 8. c4 Bg7 9. Nc3 O-O 10. h3 Rb8 11. Qe3 Qa5 12. Bd2 Qc5 13. Qd3 b5 14. cxb5 axb5 15. Be3 Qc6 16. Nd4 Qa8 17. Ndxb5 Ba6 18. a4 Rfc8 19. f3 Ne5 20. Qd2 Nc4 21. Bxc4 Rxc4 22. Rfc1 Qb7 23. b3 Rcc8 24. Rab1 Ra8 25. Bd4 h5 26. Na3 Nd7 27. Bxg7 Kxg7 28. b4 Ne5 29. Qd4 Qa7 30. Qxa7 Rxa7 31. Nd5 Rb8 32. a5 Bd3 33. Ra1 g5 34. Rc3 f5 35. exf5 Bxf5 36. Re1 e6 37. Nb6 Nd3 38. Nb5 Re7 39. Re3 Nxb4 40. Nxd6 Kf6 41. Rc5 Bg6 42. Ndc8 Reb7 43. Rce5 Bf7 44. Nd6 Nc6 45. Nxf7 Nxe5 46. Nxe5 Rd8 47. Ned7+ Kf7 48. a6 Ra7 49. Ra3 Ke7 50. Ne5 Rd1+ 51. Kf2 Rc1 52. Ra2 Rc5 53. Nbc4 Kf6 54. Ke3 Rc8 55. Nb6 Rc1 56. Nbc4 Rb1 57. Ra5 Rc1 58. g4 h4 59. Nd2 Kg7 60. Ne4 Rb1 61. Nc6 Ra8 62. Rxg5+ Kf7 63. a7 Rb6 1-0

[Event "56th Biel Festival MTO 2023"]
[White "Perkampus,Laurin"]
[Black "Saraci,Nderim"]
[Site "Biel"]
[Round "1.18"]
[Annotator "ChessBase"]
[Result "1/2-1/2"]
[Date "2023.07.18"]
[WhiteElo "2197"]
[BlackElo "2472"]
[PlyCount "154"]
[TimeControl "60"]

1. d4 Nf6 2. c4 e6 3. Nc3 c5 4. d5 exd5 5. cxd5 d6 6. e4 g6 7. Nf3 Bg7 8. Be2 O-O 9. O-O Bg4 10. Bf4 Re8 11. h3 Bxf3 12. Bxf3 a6 13. a4 Bf8 14. Qd2 Nbd7 15. Rfe1 Rc8 16. g4 Ne5 17. Be2 c4 18. Be3 Ned7 19. f3 Nc5 20. Rad1 Nfd7 21. Kg2 Bg7 22. Bxc4 Nb6 23. Be2 Nbxa4 24. Nxa4 Nxa4 25. Bd4 Nc5 26. Bxg7 Kxg7 27. b4 Na4 28. Rc1 Qf6 29. Qa2 b5 30. Qd2 Rc3 31. Rxc3 Qxc3 32. Qxc3+ Nxc3 33. Bd3 Na2 34. Rb1 Rc8 35. Rb2 Nc3 36. Rc2 Kf6 37. f4 g5 38. Kf3 gxf4 39. Kxf4 Ke7 40. Kf5 f6 41. h4 h6 42. Kg6 a5 43. bxa5 b4 44. a6 Rg8+ 45. Kh7 Kf7 46. a7 Ra8 47. Rb2 Rxa7 48. Rxb4 Na4 49. Rb8 Nc5 50. Rg8 Ra4 51. Bb5 Rxe4 52. Rg7+ Kf8 53. Rg8+ Kf7 54. Rg7+ Kf8 55. Kxh6 Rb4 56. Bc6 f5 57. g5 Nd3 58. h5 Rh4 59. Ra7 Nf4 60. Ra8+ Ke7 61. g6 Kf6 62. Rf8+ Ke5 63. Kg7 Nxh5+ 64. Kf7 Rg4 65. Re8+ Kd4 66. Rh8 Rg5 67. Rxh5 Rxh5 68. Kf6 Rh1 69. Kxf5 Rf1+ 70. Ke6 Rg1 71. Kf7 Rf1+ 72. Ke6 Rg1 73. Kf7 Ke5 74. g7 Rf1+ 75. Ke7 Rg1 76. Kf7 Rf1+ 77. Ke7 Rg1 1/2-1/2

[Event "56th Biel Festival MTO 2023"]
[White "Rathanvel,V S"]
[Black "Ozcan,Kaan"]
[Site "Biel"]
[Round "1.19"]
[Annotator "ChessBase"]
[Result "1-0"]
[Date "2023.07.18"]
[WhiteElo "2463"]
[BlackElo "2196"]
[PlyCount "83"]
[TimeControl "60"]

1. e4 c6 2. d4 d5 3. e5 Bf5 4. Nf3 e6 5. Be2 c5 6. c3 Nc6 7. O-O Bg6 8. Nbd2 c4 9. b3 b5 10. a4 a6 11. Nh4 Be7 12. Nxg6 hxg6 13. Bf3 Na5 14. axb5 axb5 15. bxc4 Nxc4 16. Rb1 Qd7 17. Qb3 Ra5 18. Nxc4 bxc4 19. Qb8+ Qd8 20. Qb7 Nh6 21. Qc6+ Kf8 22. Rb7 Nf5 23. Bd2 Kg8 24. Bg4 Bf8 25. Rfb1 Ra8 26. h3 Qe8 27. Qc7 Rc8 28. Qa5 Ra8 29. Ra7 Rxa7 30. Qxa7 Nh6 31. Rb8 Qc6 32. Qe7 Kh7 33. Rxf8 Rxf8 34. Qxf8 Nxg4 35. hxg4 Qa4 36. Be3 Qa1+ 37. Kh2 Qxc3 38. Qxf7 Qd3 39. Qxe6 Qe4 40. Qc8 c3 41. Qxc3 Qxg4 42. f3 1-0

[Event "56th Biel Festival MTO 2023"]
[White "Zhang,Lanlin"]
[Black "Chasin,Nico"]
[Site "Biel"]
[Round "1.20"]
[Annotator "ChessBase"]
[Result "0-1"]
[Date "2023.07.18"]
[WhiteElo "2194"]
[BlackElo "2455"]
[PlyCount "126"]
[TimeControl "60"]

1. e4 c5 2. Nf3 e6 3. d4 cxd4 4. Nxd4 Nc6 5. Nc3 Qc7 6. Be3 a6 7. g4 b5 8. Nxc6 Qxc6 9. a3 Bb7 10. Qd4 Nf6 11. f3 Rc8 12. Be2 Bc5 13. Qd3 d5 14. exd5 Nxd5 15. Nxd5 Qxd5 16. Qxd5 Bxd5 17. Bxc5 Rxc5 18. O-O-O Ke7 19. Rhf1 h5 20. gxh5 Rxh5 21. Rf2 Rh4 22. Kd2 Bc6 23. Rg1 Rd5+ 24. Bd3 Kf6 25. Rg4 Rh3 26. Rg3 Rh8 27. Ke3 Rdh5 28. Rgg2 Rh3 29. c4 bxc4 30. Bxc4 a5 31. Bd3 R8h4 32. Kd2 g6 33. Be2 e5 34. Ke1 Kf5 35. Kf1 Kf4 36. Rg4+ Ke3 37. Kg1 Bd7 38. Rxh4 Rxh4 39. Bf1 f6 40. Re2+ Kxf3 41. Rf2+ Ke3 42. Rxf6 Bf5 43. h3 Bxh3 44. Bxh3 Rxh3 45. Rxg6 e4 46. b4 a4 47. b5 Kf4 48. b6 Rxa3 49. b7 Rb3 50. Rf6+ Ke3 51. Ra6 Rxb7 52. Rxa4 Kf3 53. Ra8 e3 54. Rf8+ Ke2 55. Ra8 Rg7+ 56. Kh2 Kf2 57. Rf8+ Ke1 58. Rd8 Rg5 59. Rd7 e2 60. Rd8 Kf2 61. Rf8+ Ke3 62. Re8+ Kf3 63. Re7 Rg4 0-1

[Event "56th Biel Festival MTO 2023"]
[White "Muthaiah AL"]
[Black "Coles,Ruben"]
[Site "Biel"]
[Round "1.21"]
[Annotator "ChessBase"]
[Result "1/2-1/2"]
[Date "2023.07.18"]
[WhiteElo "2445"]
[BlackElo "2167"]
[PlyCount "90"]
[TimeControl "60"]

1. d4 d5 2. c4 e6 3. Nc3 Nf6 4. Bg5 dxc4 5. e3 c5 6. Bxc4 cxd4 7. exd4 Be7 8. Nf3 O-O 9. O-O a6 10. Qe2 h6 11. Bh4 b5 12. Bb3 Bb7 13. Rad1 Nbd7 14. Ne5 Nb6 15. f4 b4 16. Na4 Nxa4 17. Bxa4 Nd5 18. Bg3 Qa5 19. Bb3 Rad8 20. f5 exf5 21. Rxf5 Bg5 22. h4 Bf6 23. Ng4 Qb6 24. Bxd5 Rxd5 25. Nxf6+ gxf6 26. Qg4+ Kh8 27. Rh5 Rxh5 28. Qxh5 Kg7 29. Bf4 Rh8 30. Rd3 Be4 31. Qg4+ Kf8 32. Bxh6+ Rxh6 33. Qxe4 Qc7 34. d5 Qc5+ 35. Qd4 Qc1+ 36. Rd1 Rxh4 37. Qxb4+ Rxb4 38. Rxc1 Rxb2 39. d6 Ke8 40. Rc7 Rxa2 41. Re7+ Kf8 42. Ra7 Rd2 43. Rxa6 Ke8 44. Ra8+ Kd7 45. Rf8 Rxd6 1/2-1/2

[Event "56th Biel Festival MTO 2023"]
[White "Adocchio,Giampiero"]
[Black "Huang,Renjie"]
[Site "Biel"]
[Round "1.22"]
[Annotator "ChessBase"]
[Result "0-1"]
[Date "2023.07.18"]
[WhiteElo "2165"]
[BlackElo "2445"]
[PlyCount "120"]
[TimeControl "60"]

1. d4 Nf6 2. c4 e6 3. Nc3 d5 4. cxd5 exd5 5. Bg5 c6 6. e3 Be7 7. Bd3 Nbd7 8. Qc2 Nh5 9. Bxe7 Qxe7 10. O-O-O Nb6 11. h3 Be6 12. Nf3 O-O-O 13. Na4 Nf6 14. Nxb6+ axb6 15. Kb1 Nd7 16. Rc1 Kb8 17. Qa4 Rc8 18. Rc3 b5 19. Qa5 Qd8 20. Qb4 Qf8 21. Qa5 Qd8 22. Qb4 Nb6 23. b3 f6 24. Rhc1 g6 25. Nd2 Qf8 26. Qa5 Na8 27. b4 b6 28. Qa3 Qd6 29. R1c2 Bd7 30. Qb3 Nc7 31. a4 bxa4 32. Qxa4 Kb7 33. Qb3 Qh2 34. b5 cxb5 35. e4 Qd6 36. exd5 f5 37. Nf3 Nxd5 38. Rxc8 Rxc8 39. Rxc8 Kxc8 40. Ne5 b4 41. Nf7 Qc6 42. Ne5 Qa8 43. Bc4 Nc3+ 44. Kb2 Na4+ 45. Kc1 Nc5 46. dxc5 Qa1+ 47. Kd2 Qxe5 48. cxb6 Qd4+ 49. Ke2 Qxb6 50. Qb2 Qc5 51. Bd3 Kc7 52. Qg7 b3 53. Qxh7 Qe5+ 54. Kd2 Qb2+ 55. Ke3 Qc1+ 56. Kd4 b2 57. Qxg6 Qd2 58. Kc5 Qc3+ 59. Bc4 Qe5+ 60. Bd5 b1=Q 0-1

[Event "56th Biel Festival MTO 2023"]
[White "Sanchez Alvarez,Roberto Carlos"]
[Black "Wang,Chuqiao"]
[Site "Biel"]
[Round "1.23"]
[Annotator "ChessBase"]
[Result "1-0"]
[Date "2023.07.18"]
[WhiteElo "2444"]
[BlackElo "2161"]
[PlyCount "71"]
[TimeControl "60"]

1. Nf3 d5 2. c4 e6 3. e3 Nf6 4. b3 Be7 5. Bb2 O-O 6. Nc3 b6 7. g3 Bb7 8. Bg2 Nbd7 9. O-O c5 10. Qe2 Rc8 11. Rac1 Qc7 12. cxd5 exd5 13. d4 Qb8 14. dxc5 bxc5 15. Rfd1 Rfd8 16. Nh4 Ne5 17. Nf5 Bf8 18. f4 Ng6 19. Na4 Ne8 20. Ba3 c4 21. Bxf8 Kxf8 22. bxc4 dxc4 23. Rb1 Rxd1+ 24. Qxd1 Rc7 25. Nd6 Rd7 26. Nc5 Rd8 27. Ncxb7 Rd7 28. Qc2 Nxd6 29. Nc5 Qc7 30. Nxd7+ Qxd7 31. e4 f6 32. Qc3 Qc7 33. Qd4 Ne7 34. a4 Ke8 35. Kh1 a5 36. Rc1 1-0

[Event "56th Biel Festival MTO 2023"]
[White "Foerster-Yialamas,Lucas"]
[Black "Weishaeutel,Moritz"]
[Site "Biel"]
[Round "1.24"]
[Annotator "ChessBase"]
[Result "1-0"]
[Date "2023.07.18"]
[WhiteElo "2157"]
[BlackElo "2442"]
[PlyCount "97"]
[TimeControl "60"]

1. e4 c5 2. Nf3 d6 3. d4 cxd4 4. Nxd4 Nf6 5. Nc3 a6 6. f3 e6 7. Be3 b5 8. Qd2 Nbd7 9. g4 b4 10. Nce2 h6 11. O-O-O Qc7 12. h4 d5 13. exd5 Nxd5 14. Nf4 Nxe3 15. Qxe3 Qe5 16. Qxe5 Nxe5 17. Bg2 Nc4 18. Rhe1 Be7 19. Nc6 Bb7 20. Nxe7 Kxe7 21. Nd5+ Bxd5 22. Rxd5 Nb6 23. Rd4 a5 24. f4 Rad8 25. Rde4 Nd7 26. f5 Nf6 27. Re5 Nxg4 28. Rxa5 Rd4 29. Ra6 Rhd8 30. fxe6 fxe6 31. Raxe6+ Kf8 32. Bf3 Nf6 33. Rd1 h5 34. Ree1 g6 35. c3 Rxd1+ 36. Rxd1 Rc8 37. Kc2 bxc3 38. bxc3 Rc5 39. Rd4 Kg7 40. a4 Kh6 41. Kb3 g5 42. Kb4 Rf5 43. hxg5+ Kxg5 44. Bc6 Rf1 45. a5 Ra1 46. Kb5 h4 47. a6 h3 48. Ra4 Rb1+ 49. Ka5 1-0

[Event "56th Biel Festival MTO 2023"]
[White "Materia,Marco"]
[Black "Ammar,Sedrani"]
[Site "Biel"]
[Round "1.25"]
[Annotator "ChessBase"]
[Result "1-0"]
[Date "2023.07.18"]
[WhiteElo "2436"]
[BlackElo "2154"]
[PlyCount "93"]
[TimeControl "60"]

1. d4 d5 2. c4 e6 3. Nf3 Nf6 4. Nc3 Be7 5. Bf4 O-O 6. e3 dxc4 7. Bxc4 a6 8. a4 Bd6 9. Ne5 Qe7 10. O-O b6 11. Qf3 Ra7 12. Qh3 Bb7 13. Bg5 Rd8 14. f4 Nbd7 15. Nxf7 Kxf7 16. f5 Bd5 17. Nxd5 exd5 18. Bxd5+ Kf8 19. e4 h6 20. Be6 c5 21. e5 Nxe5 22. dxe5 Bxe5 23. Kh1 Qc7 24. Rae1 Raa8 25. Bxh6 gxh6 26. Qxh6+ Ke7 27. Qg7+ Kd6 28. Qxc7+ Kxc7 29. Rxe5 Rd2 30. b3 Rh8 31. h3 Ng4 32. Ree1 Nf2+ 33. Kg1 Nd3 34. Re4 Kd6 35. f6 Ne5 36. f7 Rf8 37. Bc4 b5 38. axb5 axb5 39. Rf6+ Ke7 40. Re6+ Kxf7 41. R6xe5+ bxc4 42. Rf4+ Kg7 43. Rxf8 Kxf8 44. bxc4 Rd4 45. Rxc5 Ke7 46. Kf2 Kd6 47. Rd5+ 1-0